 Dungeon Crawl Stone Soup version 0.30-b1-2-g02819fbbbe (webtiles) character file.

Game seed: 990186480653955531

297106 LLlMATKO the Impregnable (level 20, -5/289 HPs)
             Began as a Minotaur Berserker on June 27, 2023.
             Was the Champion of Trog.
             Slain by a +2 halberd of venom (7 damage)
             ... on level 2 of the Elven Halls.
             The game lasted 01:01:54 (39717 turns).

LLlMATKO the Impregnable (Minotaur Berserker)      Turns: 39717, Time: 01:01:55

Health: -5/289     AC: 42    Str: 30    XL:     20   Next: 9%
Magic:  1/19       EV: 16    Int:  7    God:    Trog [******]
Gold:   3942       SH: 21    Dex: 13    Spells: 19/19 levels left

rFire   + + +        A - +12 hand axe "Xonlyfe" {heavy, rPois rCorr Str+4 Dex-5}
rCold   + + .        n - +2 shield of Resistance {rF++ rC++ Will++}
rNeg    . . .        v - +15 Maxwell's patent armour {-Cast -Tele rElec Will+ rCorr}
rPois   +            (helmet restricted)
rElec   +            M - scarf {rC+ rF+}
rCorr   +            m - +0 pair of fencer's gloves {Riposte Dex+3}
SInv    +            T - +2 pair of boots {Fly}
Will    ++++.        k - amulet of Midwinter {Reflect +Inv rElec rC- Int+3 SH+5} Stlth
                     V - ring of protection from fire
HPRegen 0.68/turn    X - ring of see invisible
MPRegen 0.16/turn

%: no teleportation, no spellcasting, reflection
@: berserking (expiring), lethally poisoned (-5 -> -7), flying, studying Axes,
very quick
A: horns 2, retaliatory headbutt
}: 2/15 runes: serpentine, barnacled
a: Renounce Religion, Evoke Invisibility, Berserk, Trog's Hand, Brothers in Arms


You were on level 2 of the Elven Halls.
You worshipped Trog.
Trog was exalted by your worship.
You visited 6 branches of the dungeon, and saw 32 of its levels.
You visited the Abyss 1 time.
You also visited: Bailey, Gauntlet and Ice Cave.

You collected 4039 gold pieces.
You spent 97 gold pieces at shops.

Inventory:

Hand Weapons
 A - the +12 hand axe "Xonlyfe" (weapon) {heavy, rPois rCorr Str+4 Dex-5}
   (Trog gifted it to you on level 2 of the Shoals)

   Str:       It affects your strength (+4).
   Dex:       It affects your dexterity (-5).
   rPois:     It protects you from poison.
   rCorr:     It protects you from acid and corrosion.
 Q - a +0 halberd of draining
Missiles
 a - 5 silver javelins
 q - 29 javelins (quivered)
 u - 24 poisoned darts
 L - 8 throwing nets
 O - 3 curare-tipped darts
 P - 5 datura-tipped darts
 W - 8 atropa-tipped darts
Armour
 m - the +0 pair of fencer's gloves (worn) {Riposte Dex+3}
   (You acquired it on level 13 of the Dungeon)

   Riposte:   It allows the wearer to riposte with melee weapons, swiftly
   retaliating against missed or blocked melee attacks.
   Dex:       It affects your dexterity (+3).
 n - the +2 shield of Resistance (worn) {rF++ rC++ Will++}
   (You acquired it on level 13 of the Dungeon)

   rF:        It greatly protects you from fire.
   rC:        It greatly protects you from cold.
   Will:      It greatly increases your willpower.
 v - the +15 Maxwell's patent armour (worn) {-Cast -Tele rElec Will+ rCorr}
   (You acquired it on level 2 of the Lair of Beasts)

   rElec:     It insulates you from electricity.
   -Cast:     It prevents spellcasting.
   -Tele:     It prevents most forms of teleportation.
   rCorr:     It protects you from acid and corrosion.
   Will:      It increases your willpower.
 M - a scarf of resistance (worn)
 S - a +2 plate armour of cold resistance
 T - a +2 pair of boots of flying (worn)
Jewellery
 k - the amulet of Midwinter (around neck) {Reflect +Inv rElec rC- Int+3 SH+5}
   (You found it in a bailey)

   [amulet of reflection]

   It reflects blocked missile attacks.
   Int:       It affects your intelligence (+3).
   rC:        It makes you vulnerable to cold.
   rElec:     It insulates you from electricity.
   +Inv:      It lets you turn invisible.
   SH:        It affects your SH (+5).
 G - a ring of willpower
 K - a ring of resist corrosion
 V - a ring of protection from fire (left hand)
 X - a ring of see invisible (right hand)
 Y - a ring of protection from fire
Wands
 c - a wand of digging (10)
 s - a wand of mindburst (9)
 t - a wand of quicksilver (22)
 x - a wand of polymorph (9)
 B - a wand of iceblast (38)
 E - a wand of flame (27)
 N - a wand of paralysis (22)
Scrolls
 b - 9 scrolls of identify
 d - 4 scrolls of fear
 f - 6 scrolls of blinking
 j - 5 scrolls of immolation
 l - 18 scrolls of teleportation
 p - a scroll of brand weapon
 y - 8 scrolls of enchant armour
 F - 2 scrolls of magic mapping
 I - 3 scrolls of silence
 R - a scroll of enchant weapon
 Z - 3 scrolls of poison
Potions
 e - 25 potions of curing
 g - 6 potions of heal wounds
 h - 5 potions of haste
 i - 2 potions of invisibility
 o - 6 potions of cancellation
 r - 4 potions of berserk rage
 w - 6 potions of ambrosia
 z - 6 potions of resistance
 C - 4 potions of magic
 D - 5 potions of might
 J - 7 potions of flight


   Skills:
 + Level 20.0 Fighting
 + Level 21.1 Axes
 + Level 13.1 Throwing
 + Level 24.2 Armour
 + Level 18.2 Dodging
 + Level 17.1 Shields


You had 19 spell levels left.
You didn't know any spells.
Your spell library was empty.

Dungeon Overview and Level Annotations

Branches:
Dungeon (15/15)            Temple (0/1) D:5            Lair (5/5) D:10
 Shoals (4/4) Lair:3        Snake (4/4) Lair:3        Slime (0/5) Lair:5
    Orc (2/2) D:10            Elf (2/3) Orc:2        Vaults (0/5) D:14
 Depths (0/4) D:15         Bailey (visited)           IceCv (visited)
Gauntlet (visited)

Altars:
Ashenzari
Cheibriados
Elyvilon
Fedhas
Gozag
Kikubaaqudgha
Makhleb
Ru
Wu Jian
Xom
Zin
The Shining One
Jiyva

Shops:
D:8 [   D:14 *(((   Orc:2 ?**=   Elf:1 !   Elf:2 *=(?   Snake:3 :

Portals:
Trove: D:11 (give horn of Geryon)


Innate Abilities, Weirdness & Mutations

You have a pair of horns on your head.
You reflexively headbutt those who attack you in melee.


Message History

The +2 antimagic bardiche hits you from afar.
* * * LOW HITPOINT WARNING * * *
You block the +0 heavy halberd's attack.
You slice the deep elf knight!!
The deep elf knight is almost dead.
You feel sick.
The +2 halberd of venom hits you from afar.
* * * LOW HITPOINT WARNING * * *
You block the deep elf knight's attack.
The +0 halberd of venom hits you from afar.
* * * LOW HITPOINT WARNING * * *
You slice the deep elf knight!!
You kill the deep elf knight!
Trog accepts your kill.
Trog appreciates your killing of a magic user.
You feel sick.
The +2 halberd of venom completely misses you.
You block the +2 antimagic bardiche's attack.
The +0 heavy halberd hits you from afar!!
* * * LOW HITPOINT WARNING * * *
You feel sick.
The +2 halberd of venom hits you but does no damage.
You see here a +0 short sword.
You slash the +2 halberd of venom!
The +2 halberd of venom is heavily damaged.
You feel sick.
The deep elf zephyrmancer casts a spell at you.
The bolt of lightning hits the +2 antimagic bardiche.
The +2 antimagic bardiche completely resists.
The bolt of lightning hits you! You resist.
* * * LOW HITPOINT WARNING * * *
You block the +0 halberd of venom's attack.
The +2 halberd of venom hits you but does no damage.
You miss the +2 halberd of venom. You headbutt the +2 halberd of venom!
The +2 halberd of venom is almost destroyed.
* * * LOW HITPOINT WARNING * * *
You feel sick.
The +0 halberd of venom closely misses you.
The +0 heavy halberd barely misses you. The +2 halberd of venom hits you!
You die...

...## ...##..##.....#
...#..# ....##..#.......
..#....#....##.........#
.#......#...##..#...))..
#........#..##..........
..........#.##.........(
......(((e.# ###........
.......)...# ##.......
.......@)).## ##....)#
......(...#.# ##....)
#........#..# #...##
.#......#...# #...##
..#....#)...# #...#
...#..#.....# #####...##
....##......###...."....
....##......##......#...
...#..#.....###....###..


You could see a deep elf zephyrmancer and 4 dancing weapons.

Vanquished Creatures
  Nikola (Shoals:3)
  Jorgrun (D:15)
  Gastronok (D:10)
  A kraken (Shoals:4)
  Kirke (Shoals:1)
  5 nagarajas
  Ilsuiw (Shoals:2)
  A fire giant (D:15)
  Louise (D:15)
  A frost giant (IceCv)
  A deep elf annihilator (Elf:1)
  3 ettins
  A minotaur (Gauntlet)
  A green death (Abyss:1)
  9 merfolk javelineers
  11 merfolk impalers
  An entropy weaver (Gauntlet)
  Harold (D:9)
  5 catoblepae
  5 hydras
  3 salamander tyrants
  5 merfolk avatars
  12 anacondas
  A two-headed ogre (D:11)
  6 centaur warriors
  6 merfolk aquamancers
  4 satyrs
  17 death yaks
  19 dancing weapons
  19 naga warriors
  6 boulder beetles
  Urug (D:13)
  6 orc high priests
  19 naga sharpshooters
  14 shock serpents
  Sonja (Lair:3)
  16 deep elf knights
  A fire crab (Lair:4)
  A large abomination (Abyss:1)
  3 salamander mystics
  A fire crab (shapeshifter) (Abyss:1)
  3 skysharks
  17 sea snakes
  Amaemon (Lair:2)
  12 naga ritualists
  Pikel (D:8)
  14 deep elf archers
  A lindwurm (Lair:4)
  The ghost of craig the Shield-Bearer, a novice GnFi (D:7)
  17 mana vipers
  17 deep elf pyromancers
  12 harpies
  A necromancer (D:14)
  A wolf spider (Gauntlet)
  9 orc knights
  9 ugly things
  20 manticores
  13 deep elf zephyrmancers
  14 salamanders
  An oklob plant (Gauntlet)
  3 orc sorcerers
  7 guardian serpents
  5 elephants
  9 cyclopes
  18 fauns
  An ice statue (IceCv)
  10 merfolk sirens
  17 naga magi
  9 water nymphs
  39 black mambas
  2 torpor snails (Lair:4)
  Maurice (D:10)
  9 cane toads
  The ghost of rikstar the Magician, a novice DjFE (D:4)
  An orange demon (Lair:2)
  2 unseen horrors
  An efreet (D:15)
  A gargoyle (D:10)
  Maggie (D:9)
  3 rime drakes
  8 komodo dragons
  A kobold demonologist (D:13)
  A freezing wraith (Abyss:1)
  An ancient zyme (Abyss:1)
  4 wind drakes
  A meliai (shapeshifter) (Elf:1)
  A hellwing (Lair:3)
  3 meliai (D:13)
  33 merfolk
  3 trolls
  13 polar bears (IceCv)
  Prince Ribbit (D:7)
  9 blink frogs
  11 dream sheep
  A harpy skeleton (Abyss:1)
  8 snapping turtles
  A raiju (Abyss:1)
  A flying skull (Abyss:1)
  14 slime creatures
  An air elemental (Elf:2)
  A shadow (D:10)
  2 centaur simulacra (Gauntlet)
  A vampire (D:12)
  6 wyverns
  73 yaks
  15 water elementals
  7 wraiths
  6 basilisks
  A chaos spawn (Abyss:1)
  2 neqoxecs (Abyss:1)
  2 hogs (shapeshifter)
  5 hogs (Shoals:1)
  A steam dragon (D:7)
  10 vampire mosquitoes
  A redback (Gauntlet)
  2 acid dragons
  2 wargs (Orc:2)
  66 nagas
  12 water moccasins
  An ice beast (D:6)
  41 orc warriors
  3 black bears
  2 meliai simulacra (Gauntlet)
  A wolf (shapeshifter) (D:14)
  6 ogres
  5 boggarts (D:14)
  24 wolves
  7 centaurs
  3 kobold brigands
  2 gnoll sergeants
  11 bullfrogs
  4 small abominations (Abyss:1)
  An earth elemental (Elf:1)
  3 scorpions
  3 wights (D:6)
  7 killer bees
  2 electric eels
  5 howler monkeys
  A wyvern simulacrum (Gauntlet)
  5 quasits (D:7)
  3 jellies
  30 orc priests
  2 iguanas
  Jessica (D:2)
  11 orc wizards
  3 yak simulacra (D:14)
  3 polar bear simulacra (D:14)
  A wolf simulacrum (D:14)
  6 gnolls
  10 adders
  A shadow imp (D:5)
  14 white imps
  5 ufetubi
  2 worms (D:2)
  3 dart slugs
  83 orcs
  7 endoplasms
  6 giant cockroaches
  3 goblins
  10 hobgoblins
  11 kobolds
  5 quokkas
  2 ball pythons
  10 bats
  7 rats
  4 river rat simulacra (D:14)
  2 butterflies (D:5)
  A plant (Shoals:4)
  2 tentacles (Shoals:4)
1233 creatures vanquished.

Vanquished Creatures (collateral kills)
  A naga warrior (Snake:4)
  A naga sharpshooter (Snake:4)
  A sea snake (Snake:4)
  2 orc knights (Orc:2)
  A manticore (Shoals:3)
  2 merfolk (Shoals:3)
  A naga (Snake:4)
  2 orc warriors (Orc:2)
  A wight (Abyss:1)
  5 orc priests (Orc:2)
  4 orcs
21 creatures vanquished.

Vanquished Creatures (others)
  A dread lich (Abyss:1)
  A nagaraja (Snake:4)
  A merfolk impaler (Shoals:4)
  Erica (D:8)
  A deep elf knight (Elf:1)
  A sea snake (Shoals:3)
  A human (Shoals:1)
  A naga (Snake:4)
  11 fungi
  175 plants
  2 tentacles (Shoals:4)
196 creatures vanquished.

Grand Total: 1450 creatures vanquished

Notes
Turn   | Place    | Note
-------+----------+-------------------------------------------
     0 | D:1      | LLlMATKO the Minotaur Berserker began the quest for the
                  | Orb.
     0 | D:1      | Reached XP level 1. HP: 19/19 MP: 0/0
   156 | D:1      | Reached XP level 2. HP: 27/27 MP: 1/1
   728 | D:1      | Reached XP level 3. HP: 31/33 MP: 2/2
   844 | D:2      | Noticed Jessica
   852 | D:2      | Reached skill level 3 in Armour
   855 | D:2      | Killed Jessica
   920 | D:2      | Reached ** piety under Trog
   921 | D:2      | Reached XP level 4. HP: 34/40 MP: 3/3
  1144 | D:2      | Found a glowing golden altar of the Shining One.
  2103 | D:4      | Noticed a black bear
  2107 | D:4      | Killed a black bear
  2108 | D:4      | Reached skill level 5 in Fighting
  2108 | D:4      | Reached skill level 5 in Axes
  2108 | D:4      | Reached skill level 4 in Armour
  2108 | D:4      | Reached XP level 5. HP: 48/48 MP: 4/4
  2182 | D:4      | Noticed an ogre
  2189 | D:4      | Killed an ogre
  2190 | D:4      | Reached XP level 6. HP: 51/56 MP: 5/5
  2715 | D:4      | Found a large runed translucent door.
  2716 | D:4      | Found a large runed translucent door.
  2718 | D:4      | Noticed rikstar's ghost (novice DjFE)
  2876 | D:4      | Killed rikstar's ghost
  2877 | D:4      | Reached skill level 6 in Armour
  2877 | D:4      | Reached skill level 5 in Dodging
  2877 | D:4      | Reached XP level 7. HP: 63/63 MP: 6/6
  2940 | D:5      | Entered Level 5 of the Dungeon
  3135 | D:5      | Reached skill level 7 in Armour
  3135 | D:5      | Reached XP level 8. HP: 51/71 MP: 7/7
  3269 | D:5      | Found an ornate altar of the Wu Jian Council.
  3284 | D:5      | Found a staircase to the Ecumenical Temple.
  3290 | D:5      | Reached *** piety under Trog
  3814 | D:6      | Reached skill level 8 in Armour
  4148 | D:6      | Reached skill level 9 in Armour
  4359 | D:6      | Reached XP level 9. HP: 81/81 MP: 8/8
  5133 | D:7      | Found a transporter.
  5161 | D:7      | Noticed craig's ghost (novice GnFi)
  5287 | D:7      | Noticed Prince Ribbit
  5295 | D:7      | Killed Prince Ribbit
  5296 | D:7      | Reached skill level 10 in Armour
  5347 | D:7      | Found a transporter.
  5379 | D:7      | Found a glowing silver altar of Zin.
  5973 | D:7      | Reached **** piety under Trog
  6104 | D:7      | Found a burning altar of Makhleb.
  6104 | D:7      | Found a sacrificial altar of Ru.
  6110 | D:7      | Found an ancient bone altar of Kikubaaqudgha.
  6112 | D:7      | Found a glowing golden altar of the Shining One.
  6114 | D:7      | Found a snail-covered altar of Cheibriados.
  6365 | D:7      | Killed craig's ghost
  6366 | D:7      | Reached skill level 11 in Armour
  6514 | D:8      | Noticed Erica
  6534 | D:8      | Killed Erica
  6535 | D:8      | Reached XP level 10. HP: 91/91 MP: 9/9
  6934 | D:8      | Reached skill level 12 in Armour
  6970 | D:8      | Reached skill level 10 in Axes
  7274 | D:8      | Reached skill level 10 in Fighting
  7350 | D:8      | Found Nomog's Antique Armour Boutique.
  7477 | D:8      | Noticed Pikel
  7484 | D:8      | Killed Pikel
  7501 | D:8      | Reached skill level 13 in Armour
  7501 | D:8      | Found a shimmering altar of Xom.
  8149 | D:9      | Noticed Harold
  8171 | D:9      | Killed Harold
  8172 | D:9      | Reached XP level 11. HP: 101/101 MP: 10/10
  8500 | D:9      | Reached skill level 14 in Armour
  8598 | D:9      | Found a broken altar of Ashenzari.
  8789 | D:9      | Noticed Maggie
  8796 | D:9      | Reached skill level 1 in Shields
  8803 | D:9      | Killed Maggie
  9455 | D:10     | Entered Level 10 of the Dungeon
  9455 | D:10     | Noticed Gastronok
  9467 | D:10     | Killed Gastronok
  9468 | D:10     | Reached skill level 10 in Dodging
  9505 | D:10     | Noticed an orc knight
  9507 | D:10     | Found a staircase to the Orcish Mines.
  9511 | D:10     | Noticed an orc knight
  9513 | D:10     | Killed an orc knight
  9525 | D:10     | Killed an orc knight
  9579 | D:10     | Found an opulent altar of Gozag.
  9628 | D:10     | Found a flagged portal.
  9631 | D:10     | Noticed Maurice
  9645 | D:10     | Killed Maurice
  9646 | D:10     | Reached skill level 15 in Armour
  9654 | Bailey   | Entered a bailey
  9788 | Bailey   | Noticed an orc knight
  9830 | Bailey   | Killed an orc knight
 10053 | Bailey   | Found a large runed translucent door.
 10053 | Bailey   | Found a large runed translucent door.
 10054 | Bailey   | Noticed a deep elf zephyrmancer
 10138 | Bailey   | Killed a deep elf zephyrmancer
 10152 | Bailey   | Identified the amulet of Midwinter {Reflect +Inv rElec rC-
                  | Int+3 SH+5}
 10365 | D:10     | Identified the +6 rapier "Kaibemuf" {heavy, Str+3 Dex+4}
 10585 | D:10     | Reached skill level 5 in Shields
 10585 | D:10     | Reached XP level 12. HP: 112/112 MP: 11/11
 10979 | D:10     | Found a staircase to the Lair.
 11112 | D:10     | Found a white marble altar of Elyvilon.
 11303 | D:11     | Noticed a boulder beetle
 11311 | D:10     | Found a blossoming altar of Fedhas.
 11332 | D:11     | Killed a boulder beetle
 11354 | D:11     | Found a portal to a secret trove of treasure.
 11362 | D:11     | Noticed a two-headed ogre
 11370 | D:11     | Noticed a boulder beetle
 11371 | D:11     | Killed a two-headed ogre
 11400 | D:11     | Killed a boulder beetle
 11401 | D:11     | Reached skill level 16 in Armour
 12865 | D:12     | Found a frozen archway.
 12908 | IceCv    | Entered an ice cave
 13271 | IceCv    | Noticed a death yak
 13271 | IceCv    | Noticed a frost giant
 13286 | IceCv    | Killed a frost giant
 13289 | IceCv    | Killed a death yak
 13399 | IceCv    | Identified the staff of poison "Tuclide" {rPois rF+ rC- rN+
                  | Int+3}
 13477 | IceCv    | Reached XP level 13. HP: 113/122 MP: 12/12
 13582 | IceCv    | Reached ***** piety under Trog
 13697 | IceCv    | Received a gift from Trog
 13936 | D:12     | Reached skill level 17 in Armour
 14835 | D:13     | Noticed Urug
 14853 | D:13     | Killed Urug
 15348 | D:13     | Identified 3 scrolls of acquirement
 15348 | D:13     | Acquired the +2 shield of Resistance {rF++ rC++ Will++}
 15348 | D:13     | Found the +2 shield of Resistance {rF++ rC++ Will++}
 15409 | D:13     | Reached XP level 14. HP: 95/132 MP: 13/13
 15410 | D:13     | Acquired the +0 pair of fencer's gloves {Riposte Dex+3}
 15410 | D:13     | Found the +0 pair of fencer's gloves {Riposte Dex+3}
 15424 | D:13     | Acquired a manual of Throwing
 16169 | D:14     | Found Lapliw's Antique Weapon Boutique.
 16236 | D:14     | Found Ganokh's Weapon Shop.
 16376 | D:14     | Found Cisium's Assorted Antiques.
 16462 | D:14     | Found Wydghomam's Weapon Boutique.
 16525 | D:14     | Reached skill level 10 in Shields
 17141 | D:14     | Found a gate to the Vaults.
 17175 | D:15     | Entered Level 15 of the Dungeon
 17274 | D:15     | Noticed Jorgrun
 17293 | D:15     | Reached skill level 18 in Armour
 17411 | Lair:1   | Entered Level 1 of the Lair of Beasts
 17458 | Lair:1   | Found a gate leading to a gauntlet.
 17467 | Gauntlet | Entered a Gauntlet
 17467 | Gauntlet | Found a transporter.
 17467 | Gauntlet | Found a transporter.
 17467 | Gauntlet | Found a transporter.
 17493 | Gauntlet | Found a transporter.
 17503 | Gauntlet | Found a transporter.
 17505 | Gauntlet | Found a transporter.
 17517 | Gauntlet | Found a transporter.
 17535 | Gauntlet | Found a transporter.
 17550 | Gauntlet | Found a transporter.
 17553 | Gauntlet | Found a transporter.
 17564 | Gauntlet | Found a transporter.
 17565 | Gauntlet | Found a transporter.
 17807 | Gauntlet | Identified the +9 sling of Symmetry {freeze, rC- rCorr
                  | Str+3 Dex+4}
 17823 | Gauntlet | Reached XP level 15. HP: 139/139 MP: 14/14
 17847 | Gauntlet | Identified the staff of cold "Loydgh" {rC+ Str+3}
 18134 | Lair:1   | Reached skill level 1 in Throwing
 18525 | Lair:2   | Reached skill level 15 in Axes
 18582 | Lair:2   | Acquired a manual of Armour
 18584 | Lair:2   | Acquired the +15 Maxwell's patent armour {-Cast -Tele rElec
                  | Will+ rCorr}
 18584 | Lair:2   | Found the +15 Maxwell's patent armour {-Cast -Tele rElec
                  | Will+ rCorr}
 18746 | Lair:2   | Reached skill level 15 in Fighting
 18845 | Lair:2   | Noticed Amaemon
 18853 | Lair:2   | Killed Amaemon
 18902 | Lair:2   | Received a gift from Trog
 19299 | Lair:3   | Noticed Sonja
 19308 | Abyss:1  | Found a corrupted altar of Lugonu.
 19308 | Abyss:1  | Cast into level 1 of the Abyss (Sonja)
 19581 | Abyss:1  | Found a corrupted altar of Lugonu.
 19671 | Abyss:1  | Found a corrupted altar of Lugonu.
 19718 | Abyss:1  | Found a corrupted altar of Lugonu.
 19799 | Abyss:1  | Noticed a dread lich
 19819 | Abyss:1  | Killed a dread lich
 19888 | Lair:3   | Escaped the Abyss
 19899 | Lair:3   | Killed Sonja
 19999 | Lair:3   | Found a staircase to the Snake Pit.
 20054 | Lair:3   | Reached skill level 5 in Throwing
 20163 | Lair:3   | Found a staircase to the Shoals.
 21380 | Lair:4   | Reached skill level 19 in Armour
 22034 | Lair:4   | Identified the +1 morningstar of Crusades {drain, rPois
                  | Dex+2 Stlth-}
 22301 | Lair:5   | Entered Level 5 of the Lair of Beasts
 22510 | Lair:5   | Received a gift from Trog
 22538 | Lair:5   | Reached XP level 16. HP: 109/151 MP: 15/15
 23051 | Lair:5   | Found a runed translucent door.
 23051 | Lair:5   | Found a viscous altar of Jiyva.
 23064 | Lair:5   | Identified the +1 leather armour of Paranoia {Contam +Blink
                  | rElec Dex+5}
 23148 | Lair:5   | Found a staircase to the Slime Pits.
 23661 | Orc:1    | Entered Level 1 of the Orcish Mines
 23784 | Orc:2    | Entered Level 2 of the Orcish Mines
 23803 | Orc:2    | Found a staircase to the Elven Halls.
 24583 | Orc:2    | Reached skill level 20 in Armour
 24794 | Orc:2    | Received a gift from Trog
 24896 | Orc:2    | Found Uhazawir's Assorted Antiques.
 24899 | Orc:2    | Found Kurre's Assorted Antiques.
 24900 | Orc:2    | Found Hoinytaw's Jewellery Boutique.
 24901 | Orc:2    | Found Zuwkefas's Magic Scroll Boutique.
 25189 | D:15     | Found a staircase to the Depths.
 25291 | D:15     | Reached skill level 15 in Dodging
 25495 | D:15     | Noticed Louise
 25509 | D:15     | Killed Jorgrun
 25513 | D:15     | Killed Louise
 25581 | D:15     | Identified the +6 quarterstaff "Xynax" {pain, rF+ Will++
                  | Str-4 Int+3}
 26167 | Shoals:1 | Entered Level 1 of the Shoals
 26375 | Shoals:1 | Noticed Kirke
 26382 | Shoals:1 | Noticed a sphinx
 26387 | Shoals:1 | Killed Kirke
 27310 | Shoals:2 | Identified the +12 hand axe "Xonlyfe" {heavy, rPois rCorr
                  | Str+4 Dex-5} (Trog gifted it to you on level 2 of the
                  | Shoals)
 27310 | Shoals:2 | Received a gift from Trog
 27408 | Shoals:2 | Reached skill level 10 in Throwing
 27671 | Shoals:2 | Reached skill level 21 in Armour
 27685 | Shoals:2 | Noticed Ilsuiw
 27700 | Shoals:2 | Reached XP level 17. HP: 132/160 MP: 16/16
 27733 | Shoals:2 | Killed Ilsuiw
 29043 | Shoals:3 | Reached ****** piety under Trog
 29441 | Shoals:3 | Received a gift from Trog
 29609 | Shoals:3 | Noticed Nikola
 29619 | Shoals:3 | Killed Nikola
 30511 | Shoals:4 | Entered Level 4 of the Shoals
 30793 | Shoals:4 | Identified the staff of cold "Lunlidde" {rC+ rN+}
 30834 | Shoals:4 | Reached skill level 22 in Armour
 30840 | Shoals:4 | Received a gift from Trog
 31407 | Shoals:4 | Got a barnacled rune of Zot
 31692 | Shoals:4 | Reached XP level 18. HP: 132/171 MP: 17/17
 32372 | Snake:1  | Entered Level 1 of the Snake Pit
 32761 | Snake:1  | Received a gift from Trog
 32880 | Snake:2  | Reached skill level 15 in Shields
 32886 | Snake:2  | Reached skill level 23 in Armour
 34014 | Snake:2  | Acquired a manual of Axes
 34149 | Snake:3  | Received a gift from Trog
 34268 | Snake:4  | Entered Level 4 of the Snake Pit
 34522 | Snake:3  | Reached XP level 19. HP: 151/181 MP: 18/18
 35008 | Snake:3  | Found Boosoog's Book Shop.
 35392 | Snake:4  | Received a gift from Trog
 36629 | Snake:4  | Got a serpentine rune of Zot
 37491 | Elf:1    | Entered Level 1 of the Elven Halls
 37495 | Elf:1    | Received a gift from Trog
 37558 | Elf:1    | Identified the +0 robe "Put-Me-On" {Rampage rN+ Int+4}
 37832 | Elf:1    | Found Hereajeoh's Distillery.
 38162 | Elf:1    | Reached skill level 24 in Armour
 38175 | Elf:1    | Received a gift from Trog
 38792 | Elf:2    | Found a runed translucent gate.
 38794 | Elf:2    | Found a runed translucent gate.
 38798 | Elf:2    | Found a runed translucent gate.
 38852 | Elf:2    | Found an ancient bone altar of Kikubaaqudgha.
 38902 | Elf:2    | Found Oskizatz's General Store.
 38921 | Elf:2    | Found Ynadghoa's Antique Weapon Boutique.
 38947 | Elf:2    | Found Detiob's Magic Scroll Shop.
 38962 | Elf:2    | Found Cuumaygg's Jewellery Shoppe.
 39011 | Elf:2    | Bought a scroll of magic mapping for 97 gold pieces
 39163 | Elf:2    | Paralysed by an air elemental for 1 turns
 39220 | Elf:2    | Reached XP level 20. HP: 182/193 MP: 19/19
 39714 | Elf:2    | HP: 12/289 [+0 heavy halberd (19)]
 39716 | Elf:2    | HP: 3/289 [deep elf zephyrmancer/bolt of lightning (8)]
 39717 | Elf:2    | Slain by a +2 halberd of venom

Illustrated notes

Levels and vault maps discovered:
D:1:      dpeg_arrival_rooms_a, layout_basic, minmay_misc_feat_hallway
D:2:      layout_basic, basic_altar, minivault_24, uniq_jessica
D:3:      layout_rooms
D:4:      layout_loops_cross, ebering_ghost_disaster_area,
          minmay_manual_macuahuitl
D:5:      layout_basic, mainiacjoe_overflow_alcove_1,
          minmay_temple_entry_butterflies
D:6:      layout_loops_corners, serial_glass, glass_columns_a, glass_columns_b,
          glass_columns_a, glass_columns_a, glass_columns_a, glass_columns_a
D:7:      layout_loops_corners, nicolae_overflow_crystal_walls,
          chequers_temple_overflow_minitemple, gammafunk_ghost_stat_death,
          columned_hall_lemuel, uniq_prince_ribbit1
D:8:      black_bear_nest_1, layout_loops_ring, mainiacjoe_overflow_boulevard,
          serial_shops, nicolae_shop_dealshenge, uniq_erica, uniq_pikel
D:9:      layout_gridville, mainiacjoe_overflow_brackets, uniq_maggie,
          uniq_harold
D:10:     layout_cave_pods, nicolae_overflow_hidden_temple,
          grunt_lair_entry_orc_guard_hut, orc_david_3, enter_bailey_2,
          minmay_fractal_squares_diagonal_5, uniq_maurice, uniq_gastronok
D:11:     layout_basic, enter_trove_2
D:12:     layout_irregular_city, portal_ice_cave_entry_imps
D:13:     layout_roguey, uniq_urug
D:14:     layout_rooms, david_vaults_4, kennysheep_donut, serial_shops, shop,
          nicolae_shop_just_a_little_nook, shop, nicolae_stop_n_shop_1,
          small_statue_alley_a, eino_house_with_fridge
D:15:     grunt_enter_depths_giant_problem, layout_gridville, serial_rivers,
          chequers_serial_rivers_room_a, chequers_serial_rivers_micro_d,
          chequers_serial_rivers_room_a, chequers_serial_rivers_micro_d,
          minmay_curled_crystal, uniq_louise, uniq_jorgrun
Lair:1:   layout_hall_layers, gauntlet_entry_generic, wad_woods_river_01,
          lemuel_fruit_tree
Lair:2:   layout_long_grid, pdpol_lair_neglected_garden, uniq_amaemon
Lair:3:   layout_cave_pods, minmay_shoals_entry_centaurs,
          minmay_snake_entry_guardpost_small, uniq_sonja
Lair:4:   nzn_winding_woodlands_large [nzn_winding_woodlands_5x5_closed_star,
          nzn_winding_woodlands_5x15_twine, nzn_winding_woodlands_5x5_perimeter,
          nzn_winding_woodlands_center_garden,
          nzn_winding_woodlands_15x15_boxy_spiral,
          nzn_winding_woodlands_center_diamonds,
          nzn_winding_woodlands_5x5_open_star,
          nzn_winding_woodlands_5x15_longhouse,
          nzn_winding_woodlands_5x5_default], layout_regular_city,
          lemuel_fruit_fields
Lair:5:   evilmike_catoblepas_cave, layout_hall_layers, slime_entry_2,
          serial_bayou_crossing
Shoals:1: layout_shoals, uniq_kirke
Shoals:2: cheibrodos_shoals_oceanic_diplomacy, layout_shoals, uniq_ilsuiw
Shoals:3: layout_shoals, uniq_nikola
Shoals:4: shoals_end_simple, layout_shoals
Snake:1:  layout_grid_shapes, grunt_megastairs_1
Snake:2:  kennysheep_six_static_rooms, layout_misc_corridors, evilmike_ambush
          [evilmike_ambush_outer_basic, evilmike_ambush_inner_basic]
Snake:3:  layout_misc_corridors, serial_shops, nicolae_shop_just_a_little_nook
Snake:4:  minmay_snake_end_coiled, layout_cave_town, serial_bayou_shore_a
Orc:1:    layout_caves
Orc:2:    st_orc_pillars, layout_diamond_mine, basic_altar
Elf:1:    layout_loops_ring, serial_shops, nicolae_shop_stone, evilmike_minifort
Elf:2:    nicolae_elf_blades_splatter_lattice
          [nicolae_vaults_blade_armed_guards], layout_loops_cross, basic_altar,
          serial_shops, shop, nicolae_square_shop,
          nicolae_shop_advertising_works [nicolae_subvault_shop_adworks], shop

Skill      XL: |  1  2  3  4  5  6  7  8  9 10 11 12 13 14 15 16 17 18 19 20 |
---------------+-------------------------------------------------------------+-----
Axes           | 4 5 6 7 9 10 12 13 14 16 17 19 21 | 21.1
Fighting       | 4 5 6 7 9 10 12 13 14 15 16 17 18 19 20 | 20.0
Armour         | 3 4 6 7 9 11 13 15 16 17 18 19 21 22 23 24 | 24.2
Dodging        | 3 4 5 6 8 9 10 11 12 13 14 15 16 17 18 | 18.2
Shields        | 5 7 9 10 12 13 14 15 17 | 17.1
Throwing       | 7 10 12 13 | 13.1

Action                     |  1- 3 |  4- 6 |  7- 9 | 10-12 | 13-15 | 16-18 | 19-21 || total
---------------------------+-------+-------+-------+-------+-------+-------+-------++-------
  Melee: Hand axe          |    57 |    58 |       |   178 |   356 |   541 |   448 ||  1638
         Headbutt          |     8 |    12 |    35 |   137 |   281 |   369 |   126 ||   968
         War axe           |       |    37 |   207 |   357 |   442 |   557 |       ||  1600
         Punch             |       |       |     1 |     4 |       |       |       ||     5
         Whip              |       |       |       |       |    14 |       |       ||    14
  Throw: Boomerang         |       |       |       |    11 |    18 |    12 |       ||    41
         Javelin           |       |       |       |       |       |     5 |     3 ||     8
 Invoke: Berserk           |       |     3 |     4 |    13 |     8 |     9 |     1 ||    38
         Trog's Hand       |       |     1 |     1 |     2 |     4 |     4 |     1 ||    13
         Brothers in Arms  |       |       |       |     2 |     1 |     4 |     1 ||     8
    Use: Scroll            |       |       |       |     6 |    28 |     3 |     3 ||    40
         Potion            |       |       |       |       |     1 |       |       ||     1
   Stab: Sleeping          |     1 |       |       |       |       |       |       ||     1
         Petrified         |       |       |       |       |     4 |     3 |       ||     7
         Petrifying        |       |       |       |       |     2 |       |       ||     2
 Armour: Ring mail         |     8 |       |       |       |       |       |       ||     8
         Scale mail        |     9 |    41 |    52 |       |       |       |       ||   102
         Chain mail        |       |       |    47 |    29 |       |       |       ||    76
         Plate armour      |       |       |       |   201 |   282 |   420 |   180 ||  1083
  Dodge: Dodged            |    32 |    66 |   131 |   292 |   205 |   430 |   151 ||  1307
         Repelled          |       |       |       |       |       |    22 |    12 ||    34
  Block: Other             |       |     1 |    44 |    38 |       |       |       ||    83
         Reflection        |       |       |     1 |     3 |    24 |   158 |    97 ||   283
         Buckler           |       |       |       |   152 |       |       |       ||   152
         Kite shield       |       |       |       |    69 |   625 |  1101 |   435 ||  2230
Riposte: Hand axe          |       |       |       |       |    57 |   163 |   101 ||   321
         Whip              |       |       |       |       |     9 |       |       ||     9
         War axe           |       |       |       |       |   118 |   140 |       ||   258
